 Dungeon Crawl Stone Soup version 0.31-a0-640-g39d97e502b (webtiles) character file.

Game seed: 892317575721987855

39 Cummy the Conjurer (level 3, 0/24 HPs)
             Began as a Human Conjurer on Aug 28, 2023.
             Was an Initiate of Fedhas.
             Succumbed to an adder's poison
             ... on level 2 of the Dungeon.
             The game lasted 00:05:26 (1497 turns).

Cummy the Conjurer (Human Conjurer)                 Turns: 1497, Time: 00:05:27

Health: 0/24       AC:  2    Str:  7    XL:     3   Next: 67%
Magic:  1/6        EV: 12    Int: 20    God:    Fedhas [......]
Gold:   80         SH:  0    Dex: 11    Spells: 3/6 levels left

rFire   . . .        (no weapon)
rCold   . . .        (no shield)
rNeg    . . .        a - +0 robe
rPois   .            (no helmet)
rElec   .            (no cloak)
rCorr   .            (no gloves)
SInv    .            (no boots)
Will    .....        (no amulet)
Stlth   ++           (no ring)
HPRegen 0.24/turn    (no ring)
MPRegen 0.10/turn

%: no passive effects
@: lethally poisoned (0 -> -1)
A: no striking features
a: Renounce Religion


You were on level 2 of the Dungeon.
You worshipped Fedhas.
Fedhas was noncommittal.
You visited 1 branch of the dungeon, and saw 2 of its levels.

You collected 80 gold pieces.

Inventory:

Armour
 a - a +0 robe (worn)
Jewellery
 g - a ring of willpower
Scrolls
 d - 2 scrolls of identify {unknown}
 f - a scroll of brand weapon {unknown}
 h - a scroll of vulnerability {unknown}
 k - 2 scrolls of blinking {unknown}
Potions
 b - a potion of magic
 c - a potion of enlightenment {unknown}
 e - a potion of ambrosia {unknown}
 i - a potion of invisibility {unknown}
 j - a potion of curing {unknown}
 l - a potion of haste {unknown}


   Skills:
 + Level 2.3 Dodging
 + Level 2.4 Stealth
 + Level 0.2 Unarmed Combat
 + Level 2.2 Spellcasting
 + Level 4.5 Conjurations


You had 3 spell levels left.
You knew the following spells:

 Your Spells              Type           Power      Damage    Failure   Level
a - Magic Dart            Conj           80%        1d7       2%          1
b - Searing Ray           Conj           40%        2d5       3%          2

Your spell library contained the following spells:

 Spells                   Type           Power      Damage    Failure   Level
 Necrotise                Necr           8%         1d4       16%         1
 Dazzling Flash           Conj/Hex       22%        N/A       19%         3
 Ensorcelled Hibernation  Hex/Ice        4%         N/A       24%         2
 Passwall                 Tmut/Erth      1%         N/A       24%         2
 Swiftness                Air            2%         N/A       43%         3
 Vampiric Draining        Necr           2%         2d6       43%         3
 Fulminant Prism          Conj/Hex       5%         3d7       52%         4
 Iskenderun's Mystic Bla  Conj/Tloc      11%        2d4       52%         4
 Agony                    Necr           2%         N/A       99%         5


Dungeon Overview and Level Annotations

Branches:
Dungeon (2/15)

Altars:
Fedhas

Shops:
D:1 !


Message History

Confirm with . or Enter, or press ? or * to list all spells.
Aiming: Searing Ray (safe; 3% risk of failure)
Press: ? - help, Shift-Dir - straight line, f - adder, p - adder
Aim: an adder (63% to hit)
The searing ray hits the adder.
The adder is moderately wounded.
The searing ray misses the adder. (Press . to maintain the ray.)
The adder barely misses you. The adder closely misses you.
The searing ray hits the adder.
The adder is heavily wounded.
The adder bites you. The adder bites you but does no damage.
The searing ray hits the adder.
The adder is almost dead.
The adder bites you. x2
The searing ray misses the adder.
You finish channelling your searing ray.
The adder barely misses you. The adder misses you. The adder misses you.
The adder barely misses you. The adder bites you.
You are poisoned.
The adder poisons you! The adder bites you.
Unknown command.
You feel sick. The adder barely misses you. x2
You feel sick. The adder closely misses you.
A giant cockroach comes into view.
You feel sick. The adder attacks as it pursues you!
The adder closely misses you. The adder barely misses you. The adder bites you.
The adder bites you but does no damage.
You see here a glowing silvery potion.
l - a glowing silvery potion You feel sick.
The adder closely misses you. The adder bites you.
* * * LOW HITPOINT WARNING * * *
There are no items here.
You feel sick. The adder attacks as it pursues you! The adder bites you.
* * * LOW HITPOINT WARNING * * *
* * * LOW HITPOINT WARNING * * *
You feel sick. The adder attacks as it pursues you!
The adder barely misses you. The adder misses you.
You die...
Fedhas appreciates your contribution to the ecosystem.

## ##### ##. # ...######
... .## #####^.....##.##
##... #........#.....
)....
#............####.....
######......S..#.......#
#.).......@.S.........#
........####.#######..#
# ##.......###.# ##.##
####.##...........B#
#..###
.......<...........#
#.>..#
##.#.##..........#..
###..##
<.##†........###. #...#
#..............# . ###
##..# ##.#....†......##
..# #...


You could see 2 adders.

Vanquished Creatures
  An adder (D:2)
  A dart slug (D:1)
  3 ball pythons
  5 goblins (D:1)
  A hobgoblin (D:1)
  5 bats
  2 frilled lizards (D:1)
  6 kobolds
  3 rats
27 creatures vanquished.

Notes
Turn   | Place    | Note
-------+----------+-------------------------------------------
     0 | D:1      | Cummy the Human Conjurer began the quest for the Orb.
     0 | D:1      | Reached XP level 1. HP: 13/13 MP: 3/3
   253 | D:1      | Reached XP level 2. HP: 19/19 MP: 3/5
   256 | D:1      | Learned a level 2 spell: Searing Ray
   326 | D:1      | Found Ypsoe's Distillery.
   861 | D:1      | Reached XP level 3. HP: 24/24 MP: 4/6
  1451 | D:2      | Found a blossoming altar of Fedhas.
  1463 | D:2      | Became a worshipper of Fedhas Madash
  1496 | D:2      | HP: 1/24 [poisoned by an adder]
  1497 | D:2      | Succumbed to an adder's poison

Illustrated notes

Levels and vault maps discovered:
D:1:      wander_arrival_lonely_grave, layout_basic, serial_shops,
          nicolae_shop_peninsula
D:2:      layout_rooms, shapermc_ecumenical_altar_pompeii, basic_altar

Action                     || total
---------------------------++-------
  Melee: Unarmed           ||    35
   Cast: Magic Dart        ||    52
         Searing Ray       ||     3
 Armour: Robe              ||    16
  Dodge: Dodged            ||    49

Table legend: (Time is in decaauts)
 A = Elapsed time spent in this place.
 B = Non-inter-level travel time spent in this place.
 C = Inter-level travel time spent in this place.
 D = Time resting spent in this place.
 E = Time spent auto-exploring this place.
 F = Levels seen in this place.
 G = Mean time per level.
                   A        B        C        D        E       F      G
               +--------+--------+--------+--------+--------+-----+--------+
         Total |   1496 |   1496 |      0 |     70 |   1150 |   2 |  748.0 |
       Dungeon |   1496 |   1496 |      0 |     70 |   1150 |   2 |  748.0 |
               +--------+--------+--------+--------+--------+-----+--------+

Top non-repeatable levels by time:
     D:1: 1278 daAuts
     D:2: 218 daAuts
